 Dungeon Crawl Stone Soup version 0.29.0-7-g18a832c13a (webtiles) character file.

Game seed: 1217389025857331017

42 ImASeal the Trooper (level 3, -3/25 (30) HPs)
             Began as a Demonspawn Gladiator on Aug 31, 2022.
             Slain by a necrophage (5 damage)
             ... on level 2 of the Dungeon.
             The game lasted 00:04:45 (2169 turns).

ImASeal the Trooper (Demonspawn Gladiator)          Turns: 2169, Time: 00:04:47

HP:   -3/25 (30)    AC:  5    Str: 14    XL:     3   Next: 33%
MP:   3/3           EV: 12    Int:  9    God:
Gold: 108           SH:  0    Dex: 16    Spells: 2/2 levels left

rFire   + . .      SeeInvis .     - Unarmed
rCold   . . .      Faith    .   (no shield)
rNeg    . . .      Spirit   .   e - +0 leather armour {rF+}
rPois   +          Reflect  .   (helmet restricted)
rElec   .          Harm     .   (no cloak)
rCorr   .          Rampage  .   (no gloves)
Will    .....                   r - +1 pair of boots
Stlth   +.........              (no amulet)
HPRegen 0.08/turn               h - ring of poison resistance
MPRegen 0.08/turn               (no ring)

@: heavily drained
A: antennae 1
a: no special abilities


You were on level 2 of the Dungeon.
You visited 1 branch of the dungeon, and saw 3 of its levels.

You collected 108 gold pieces.

Inventory:

Hand Weapons
 f - a +3 rapier of draining
Missiles
 c - 3 throwing nets (quivered)
 d - a javelin
Armour
 a - a +0 leather armour
 b - a +0 helmet
 e - a +0 leather armour of fire resistance (worn)
 p - a +0 kite shield
 r - a +1 pair of boots (worn)
Jewellery
 h - a ring of poison resistance (left hand)
Scrolls
 g - a scroll of enchant armour
 k - a scroll of identify
 l - a scroll of magic mapping {unknown}
 m - a scroll of silence {unknown}
 n - 2 scrolls of acquirement {unknown}
 o - a scroll of poison {unknown}
 q - a scroll of teleportation {unknown}
 u - a scroll of blinking {unknown}
Potions
 j - 3 potions of heal wounds {unknown}
 s - a potion of berserk rage {unknown}
 t - a potion of lignification {unknown}
 v - a potion of attraction {unknown}


   Skills:
 * Level 3.8 Fighting
 - Level 1.7 Throwing
 - Level 2.6 Dodging
 - Level 2.6 Unarmed Combat


You had 2 spell levels left.
You didn't know any spells.
Your spell library contained the following spells:

 Spells                   Type           Power      Damage    Failure   Level
 Shock                    Conj/Air       0%         1d3       45%         1
 Gell's Gravitas          Tloc           0%         N/A       83%         3
 Swiftness                Air            0%         N/A       83%         3
 Teleport Other           Tloc           0%         N/A       83%         3
 Airstrike                Air            0%         2d(0-16)  99%         4
 Hailstorm                Conj/Ice       0%         3d3       99%         4
 Ice Form                 Ice/Tmut       0%         N/A       99%         4
 Dispersal                Tloc           0%         N/A       100%        6
 Simulacrum               Ice/Necr       0%         N/A       100%        6


Dungeon Overview and Level Annotations

Branches:
Dungeon (3/15)

Altars:
Xom


Innate Abilities, Weirdness & Mutations

You have a pair of small antennae on your head.


Message History

Your jackal barely misses the necrophage.
The necrophage attacks as you move away!
The necrophage hits you.
* * * LOW HITPOINT WARNING * * *
You feel drained.
* * * LOW HITPOINT WARNING * * *
Your adder bites the necrophage but does no damage.
Your quokka misses the necrophage.
You hit the necrophage but do no damage.
The necrophage is lightly damaged.
The necrophage completely misses you.
You barely miss the necrophage.
The necrophage is lightly damaged.
Your adder bites the necrophage.
Your quokka barely misses the necrophage.
Your jackal barely misses the necrophage.
Your adder bites the necrophage.
The necrophage barely misses you.
You hit the necrophage.
The necrophage is moderately damaged.
Your quokka closely misses the necrophage.
Your jackal barely misses the necrophage. x2
Your jackal closely misses the necrophage.
Your adder bites the necrophage.
The necrophage hits you but does no damage.
You swap places.
Your jackal bites the necrophage but does no damage.
Your jackal closely misses the necrophage.
Your jackal misses the necrophage.
Your quokka closely misses the necrophage.
Your adder bites the necrophage but does no damage.
Your jackal barely misses the necrophage. x3
Your quokka completely misses the necrophage.
The necrophage misses your adder.
You swap places.
Your adder barely misses the necrophage.
Your jackal bites the necrophage. x2
Your jackal bites the necrophage but does no damage.
Your quokka barely misses the necrophage.
The necrophage hits you.
You die...

......#.......## #.#...#.#...#
#####.#........####.#####.#####
....#.##..........#.......# ###
....#.#####.......#############..
....#.# #.......# ####.......#
....#.# #.......####....#######
....#.# #............####
......#####....hr..#####
..............hn@h########
.........##....hS........#
.........###..........##.##
.........# #.########.#...#
...##....# #.# #.#...#
...##....###.##### #.....#
.........#.......#####.#+########
...[..####.......).......#.......
......# #.......#####.####.#####


You could see a necrophage (ally target), a friendly adder (summoned), a
friendly quokka (summoned) and 4 friendly jackals.

Vanquished Creatures
  A dart slug (D:2)
  3 endoplasms
  7 hobgoblins
  A quokka (D:1)
  4 ball pythons
  7 bats
  6 frilled lizards
  7 kobolds
  3 rats
39 creatures vanquished.

Notes
Turn   | Place    | Note
-------+----------+-------------------------------------------
     0 | D:1      | ImASeal the Demonspawn Gladiator began the quest for the
                  | Orb.
     0 | D:1      | Reached XP level 1. HP: 16/16 MP: 1/1
   137 | D:1      | Found a faded altar of an unknown god.
   242 | D:1      | Gained mutation: You have a pair of small antennae on your
                  | head. [demonic ancestry]
   242 | D:1      | Reached XP level 2. HP: 21/23 MP: 2/2
   473 | D:1      | Reached skill level 3 in Fighting
  1096 | D:2      | Found a shimmering altar of Xom.
  1206 | D:2      | Reached XP level 3. HP: 24/29 MP: 3/3
  2111 | D:3      | Noticed a necrophage
  2164 | D:2      | HP: 1/25 [necrophage (1)]
  2169 | D:2      | Slain by a necrophage

Illustrated notes

Levels and vault maps discovered:
D:1:      minmay_arrival_four_circles, layout_basic, basic_ecumenical_altar,
          minmay_splitting_lines
D:2:      layout_basic, basic_altar
D:3:      layout_loops_corners

Skill      XL: |  1  2 |
---------------+-------+-----
Fighting       | 3 |  3.8
Throwing       | |  1.7
Dodging        | |  2.6
Unarmed Combat | |  2.6

Action                   || total
-------------------------++-------
Melee: Unarmed           ||   142
       Punch             ||     2
  Use: Scroll            ||     3
 Stab: Sleeping          ||     2
Armor: Leather armour    ||    41
Dodge: Dodged            ||   103
